Map: 紫晶浪漫-天梯版

Players

JieShi - Winner!

  • Race: Protoss Protoss

Yukki (ReWhite)

  • Race: Protoss Protoss
  • League: Master

Event: DreamHack SC2 Masters 2021 Winter

VOD

Have the link to the VOD?

Description

Time

  • Played on: Oct. 6, 2021, 8:41 a.m.
  • Length: 12:09

All games in this series

Show
View Real Time Build Order
Export as new Build Order

JieShi Protoss - Winner!

Build Orders:  

Get SALT Encoding   

  12  0:00  Probe  
  13  0:12  Probe  
  14  0:17  Pylon  
  14  0:25  Probe (Chrono Boost)  
  15  0:37  Gateway, Probe (Chrono Boost)  
  16  0:44  Probe (Chrono Boost)  
  16  0:46  Assimilator  
  17  0:51  Probe  
  17  0:55  Assimilator  
  18  1:03  Probe (Chrono Boost)  
  19  1:08  Gateway  
  19  1:13  Probe (Chrono Boost)  
  19  1:18  Probe (Chrono Boost)  
  20  1:25  Cybernetics Core  
  21  1:29  Probe  
  22  1:34  Pylon  
  22  1:41  Probe  
  23  1:54  Probe  
  24  2:01  Stalker, Warp Gate  
  24  2:02  Stalker  
  28  2:11  Pylon  
  28  2:24  Pylon  
  28  2:30  Probe  
  28  2:31  Adept  
  28  2:32  Adept  
  33  2:49  Probe  
  34  2:55  Nexus  
  34  3:01  Shield Battery  
  34  3:02  Sentry  
  36  3:06  Sentry  
  38  3:14  Shield Battery  
  38  3:18  Shield Battery  
  38  3:21  Probe  
  39  3:35  Pylon  
  39  3:43  Twilight Council  
  39  3:44  Probe  
  38  3:55  Robotics Facility, Stalker  
  40  3:56  Probe  
  41  4:05  Stalker  
  41  4:08  Probe (Chrono Boost)  
  44  4:10  Probe (Chrono Boost)  
  45  4:19  Probe (Chrono Boost)  
  45  4:20  Probe (Chrono Boost)  
  45  4:22  Blink (Chrono Boost)  
  45  4:23  Probe (Chrono Boost)  
  47  4:33  Gateway  
  47  4:34  Probe  
  47  4:35  Probe  
  47  4:42  Observer  
  47  4:44  Stalker  
  50  4:46  Probe  
  50  4:47  Probe  
  50  4:51  Stalker  
  54  4:58  Probe  
  54  4:59  Probe  
  49  5:10  Probe  
  49  5:11  Probe  
  51  5:14  Stalker x2  
  55  5:23  Probe  
  55  5:24  Probe  
  57  5:34  Shield Battery  
  57  5:35  Probe  
  58  5:36  Probe  
  58  5:38  Stalker  
  61  5:47  Probe  
  61  5:48  Probe  
  61  5:49  Nexus  
  61  6:00  Gateway x2  
  61  6:01  Probe, Forge  
  62  6:09  Assimilator  
  62  6:12  Pylon  
  62  6:16  Gateway  
  62  6:28  Protoss Ground Weapons Level 1 (Chrono Boost)  
  62  6:29  Pylon  
  62  6:32  Pylon  
  62  6:35  Pylon  
  62  6:37  Gateway  
  62  6:38  Probe x2  
  64  6:42  Adept x2  
  68  6:51  Probe x2  
  70  6:57  Photon Cannon  
  70  6:59  Photon Cannon  
  70  7:01  Gateway  
  70  7:03  Probe (Chrono Boost)  
  70  7:04  Probe (Chrono Boost)  
  73  7:12  Probe (Chrono Boost)  
  73  7:13  Probe x2 (Chrono Boost)  
  75  7:18  Probe (Chrono Boost)  
  76  7:23  Immortal  
  76  7:27  Probe  
  76  7:30  Probe  
  76  7:36  Probe  
  76  7:39  Probe  
  76  7:41  Gateway  
  76  7:42  Probe  
  76  7:45  Sentry x3  
  76  7:48  Pylon  
  82  7:54  Probe  
  82  7:57  Warp Prism (Chrono Boost), Assimilator  
  83  7:59  Probe  
  83  8:00  Stalker x2, Sentry  
  83  8:01  Stalker  
  94  8:12  Photon Cannon, Shield Battery  
  95  8:14  Protoss Ground Weapons Level 2 (Chrono Boost)  
  94  8:20  Pylon  
  94  8:23  Stalker x4  
  102  8:27  Observer (Chrono Boost)  
  102  8:28  Probe  
  104  8:34  Pylon  
  104  8:35  Stalker, Assimilator  
  104  8:38  Assimilator  
  104  8:39  Robotics Bay  
  106  8:47  Probe x2  
  106  8:48  Probe  
  109  8:51  Pylon  
  109  9:09  Stalker x6, Pylon  
  121  9:10  Stalker  
  121  9:12  Pylon  
  121  9:14  Pylon  
  121  9:15  Stalker  
  125  9:26  Disruptor (Chrono Boost)  
  125  9:29  Pylon  
  128  9:33  Nexus  
  128  9:37  Stalker  
  130  9:38  Stalker  
  130  9:45  Pylon  
  132  9:52  Disruptor (Chrono Boost)  
  130  9:57  Charge  
  130  9:59  Adept x4  
  141  10:04  Photon Cannon  
  141  10:05  Shield Battery  
  141  10:07  Pylon  
  141  10:16  Stalker x2  
  141  10:17  Stalker  
  141  10:20  Disruptor (Chrono Boost)  
  144  10:51  Stalker x5  
  144  10:52  Stalker x3  
  158  11:02  Disruptor (Chrono Boost)  
  158  11:10  Probe (Chrono Boost)  
  165  11:15  Probe x3 (Chrono Boost)  
  166  11:19  Probe (Chrono Boost)  
  166  11:21  Stalker x3  
  166  11:22  Stalker x4  
  174  11:39  Stalker  
  165  11:41  Observer  
  165  11:45  Stalker  
  165  11:46  Stalker x4  
  164  11:48  Stalker x2  
Show
View Real Time Build Order
Export as new Build Order

Yukki Protoss 

Build Orders: Oracle Opening 

Get SALT Encoding   

  12  0:00  Probe  
  13  0:12  Probe  
  14  0:17  Pylon  
  14  0:24  Probe  
  15  0:36  Probe (Chrono Boost)  
  15  0:37  Gateway  
  16  0:42  Assimilator  
  16  0:49  Probe (Chrono Boost)  
  17  0:54  Probe (Chrono Boost)  
  17  0:57  Assimilator  
  18  1:03  Probe (Chrono Boost)  
  19  1:08  Gateway  
  19  1:15  Probe (Chrono Boost)  
  20  1:21  Probe (Chrono Boost)  
  20  1:24  Cybernetics Core  
  21  1:29  Probe  
  22  1:34  Pylon  
  22  1:41  Probe  
  23  1:53  Probe  
  24  2:00  Adept x2  
  24  2:01  Warp Gate  
  28  2:11  Shield Battery  
  28  2:14  Pylon  
  28  2:24  Pylon  
  28  2:30  Adept  
  28  2:32  Adept  
  32  2:37  Stargate  
  32  3:11  Nexus  
  32  3:18  Oracle (Chrono Boost)  
  32  3:19  Probe  
  36  3:29  Shield Battery  
  36  3:33  Pylon  
  36  3:35  Probe  
  37  3:42  Shield Battery  
  37  3:47  Probe  
  37  3:49  Stalker  
  37  3:53  Stalker  
  41  3:59  Probe  
  42  4:04  Twilight Council  
  42  4:12  Probe  
  43  4:23  Probe  
  43  4:24  Probe  
  45  4:25  Stalker  
  47  4:32  Stalker  
  47  4:35  Probe (Chrono Boost)  
  47  4:36  Probe (Chrono Boost)  
  51  4:45  Probe x2 (Chrono Boost)  
  53  4:46  Blink (Chrono Boost)  
  53  4:50  Probe x2 (Chrono Boost)  
  53  5:01  Probe  
  53  5:02  Probe  
  53  5:08  Stalker x2  
  53  5:13  Probe, Forge  
  58  5:14  Probe  
  58  5:18  Assimilator  
  59  5:26  Probe x2  
  59  5:42  Stalker  
  59  5:43  Protoss Ground Weapons Level 1 (Chrono Boost)  
  59  5:46  Pylon  
  59  6:01  Probe  
  59  6:02  Robotics Facility, Probe  
  59  6:03  Nexus  
  61  6:05  Stalker, Pylon  
  61  6:06  Sentry  
  65  6:14  Probe x2  
  67  6:20  Gateway  
  67  6:24  Gateway  
  67  6:26  Pylon  
  67  6:29  Stalker x2  
  67  6:30  Probe x2  
  73  6:34  Shield Battery  
  73  6:37  Assimilator  
  73  6:42  Probe  
  73  6:43  Probe  
  75  6:53  Observer (Chrono Boost)  
  76  6:55  Probe  
  76  6:57  Sentry  
  76  6:59  Probe, Charge  
  80  7:06  Immortal (Chrono Boost)  
  80  7:07  Probe  
  85  7:14  Probe  
  86  7:19  Probe  
  86  7:20  Probe  
  86  7:21  Stalker x4  
  93  7:29  Probe  
  91  7:31  Probe  
  91  7:32  Probe  
  89  7:38  Protoss Ground Weapons Level 2 (Chrono Boost)  
  89  7:41  Probe (Chrono Boost)  
  89  7:43  Probe (Chrono Boost)  
  90  7:45  Probe (Chrono Boost)  
  92  7:52  Probe (Chrono Boost)  
  92  7:53  Probe (Chrono Boost)  
  92  7:57  Pylon  
  92  7:58  Pylon  
  93  8:04  Pylon  
  93  8:09  Assimilator x2  
  93  8:12  Gateway  
  93  8:15  Probe x3  
  93  8:16  Gateway  
  93  8:17  Immortal  
  100  8:27  Probe x3  
  100  8:28  Templar Archives  
  103  8:36  Zealot x4  
  103  8:39  Probe x3  
  114  8:47  Photon Cannon  
  114  9:02  Pylon  
  114  9:03  Pylon  
  114  9:04  Pylon  
  114  9:05  Pylon  
  114  9:12  Nexus  
  114  9:13  Pylon  
  114  9:18  Observer  
  114  9:21  Immortal  
  118  9:28  High Templar x2  
  118  9:29  High Templar x4  
  130  9:34  Gateway, Archon  
  130  9:35  Archon x2  
  130  9:43  Gateway  
  130  9:44  Gateway  
  130  9:57  Photon Cannon  
  130  9:59  Photon Cannon  
  130  10:00  Robotics Bay, Shield Battery  
  130  10:03  Robotics Facility  
  130  10:06  Zealot x4  
  138  10:09  Observer  
  138  10:27  Probe x2  
  138  10:30  Pylon  
  138  10:35  Stalker x6  
  144  10:46  Probe x2  
  144  10:47  Disruptor x2 (Chrono Boost)  
  143  10:53  Probe  
  150  10:58  Probe  
  150  11:00  Probe  
  151  11:06  Probe (Chrono Boost)  
  151  11:08  Pylon  
  152  11:12  Probe x2 (Chrono Boost)  
  152  11:13  Probe (Chrono Boost)  
  152  11:18  Photon Cannon, Probe (Chrono Boost), Disruptor x2  
  159  11:21  Photon Cannon  
  159  11:25  Probe x2 (Chrono Boost)  
  143  11:39  Stalker x3  
  143  11:40  Stalker  
  143  11:41  Probe  
  143  11:42  Probe  
  126  11:58  Stalker x2  

Tags
 
Add a new tag
Caveats
  • Supply blocks, unpowered buildings, or Contaminate may cause inaccurate times.
  • Supply counts are checked every 10 seconds.